 Dungeon Crawl Stone Soup version 0.30.1-11-g7821555f0a (webtiles) character file.

Game seed: 17629574670085430289

44 HakonGodeson the Trooper (level 3, -1/29 HPs)
             Began as a Human Fighter on Jan 9, 2024.
             Slain by Blork the orc
             ... wielding a +0 flail
              (7 damage)
             ... on level 4 of the Dungeon.
             The game lasted 00:02:03 (610 turns).

HakonGodeson the Trooper (Human Fighter)             Turns: 610, Time: 00:02:03

Health: -1/29      AC:  7    Str: 16    XL:     3   Next: 85%
Magic:  3/3        EV:  9    Int: 10    God:
Gold:   26         SH:  5    Dex: 12    Spells: 2/2 levels left

rFire   . . .        a - +0 war axe
rCold   . . .        c - +1 buckler
rNeg    . . .        b - +0 scale mail
rPois   .            g - +1 hat
rElec   .            (no cloak)
rCorr   .            (no gloves)
SInv    .            (no boots)
Will    .....        (no amulet) Stlth
                     (no ring)
HPRegen 0.24/turn    (no ring)
MPRegen 0.08/turn

%: no passive effects
@: mighty
A: no striking features
a: no special abilities


You were on level 4 of the Dungeon.
You visited 1 branch of the dungeon, and saw 3 of its levels.

You collected 26 gold pieces.

Inventory:

Hand Weapons
 a - a +0 war axe (weapon)
Armour
 b - a +0 scale mail (worn)
 c - a +1 buckler (worn)
 g - a +1 hat (worn)
Potions
 e - a potion of curing {unknown}
 f - a potion of heal wounds {unknown}


   Skills:
 * Level 3.3 Fighting
 * Level 2.4 Axes
 * Level 3.3 Armour
 * Level 1.0 Dodging
 * Level 0.5 Stealth
 * Level 3.3 Shields


You had 2 spell levels left.
You didn't know any spells.
Your spell library was empty.

Dungeon Overview and Level Annotations

Branches:
Dungeon (4/15)
 Temple: D:4-7

Altars:
Makhleb

Annotations:
D:4 Blork the orc


Message History

The ball python grabs you. The ball python constricts you.
The ball python bites you. The ball python constricts you.
You closely miss the ball python. You block the ball python's attack.
The ball python constricts you.
You slash the ball python!
You kill the ball python!
You see here a ball python corpse.
You see here a +1 hat.
g - a +1 hat You start putting on your armour.
You continue putting on your +1 hat. x4
You finish putting on your +1 hat.
You see here a ball python corpse.
There is a stone staircase leading down here.
There is a shaft here.
You fall into a shaft and drop 2 floors!
The shaft crumbles and collapses.
Found a stone staircase leading down.
Blork the orc comes into view.
He is wielding a +0 flail.
Blork the orc shouts!
Blork the orc points at you and mumbles some strange words.
The puff of flame hits you!
Found a sedimented black potion and a scale mail.
Blork the orc casts a spell.
Blork the orc seems to speed up.
You feel very mighty all of a sudden.
Blork the orc screams, "I'll break your legs!"
You slash Blork the orc!
Blork the orc is moderately wounded.
Blork the orc hits you with a +0 flail. Blork the orc casts a spell at you.
The magic dart hits you.
You hit Blork the orc.
Blork the orc is heavily wounded.
Blork the orc points at you and mumbles some strange words.
The magic dart hits you. Blork the orc hits you with a +0 flail.
* * * LOW HITPOINT WARNING * * *
You hit Blork the orc.
Blork the orc is heavily wounded.
Blork the orc hits you with a +0 flail!
You die...

#.# #[# #.##
#.. ...# #..
....# #.#
....#
#.#.....#
#.#.....#
#@o..!..#
#.#######
###.####
#......#
#.#.##.#
#.#....# #
#....#
##..........
###.###....


You could see Blork the orc (fast).

Vanquished Creatures
  An adder (D:2)
  2 dart slugs (D:2)
  4 endoplasms
  2 giant cockroaches
  3 goblins (D:2)
  A hobgoblin (D:1)
  3 jackals (D:2)
  3 ball pythons
  4 bats
  A frilled lizard (D:1)
  4 kobolds
  A rat (D:1)
  A butterfly (D:2)
30 creatures vanquished.

Notes
Turn   | Place    | Note
-------+----------+-------------------------------------------
     0 | D:1      | HakonGodeson the Human Fighter began the quest for the Orb.
     0 | D:1      | Reached XP level 1. HP: 18/18 MP: 1/1
   167 | D:1      | Reached XP level 2. HP: 24/24 MP: 2/2
   323 | D:2      | Reached XP level 3. HP: 20/29 MP: 3/3
   384 | D:2      | Found a burning altar of Makhleb.
   566 | D:2      | Reached skill level 1 in Dodging
   594 | D:2      | You fall into a shaft and drop 2 floors!
   604 | D:4      | Noticed Blork the orc
   610 | D:4      | Slain by Blork the orc

Illustrated notes

Levels and vault maps discovered:
D:1:      co_arrival_hexagon_in_a_hexagon, layout_basic
D:2:      layout_loops_ring, basic_altar, hangedman_glass_garden,
          serial_bayou_ford_a
D:4:      corexii_shack_village, layout_loops_cross, lemuel_crystal_altar,
          uniq_sigmund, uniq_edmund, uniq_pikel, uniq_blork_the_orc,
          uniq_natasha, uniq_robin

Skill      XL: |  1  2  3 |
---------------+----------+-----
Dodging        | 1 |  1.0
Fighting       | |  3.3
Axes           | |  2.4
Armour         | |  3.3
Stealth        | |  0.5
Shields        | |  3.3

Action                     || total
---------------------------++-------
  Melee: War axe           ||    78
    Use: Scroll            ||     3
         Potion            ||     1
 Armour: Scale mail        ||    44
  Dodge: Dodged            ||    33
  Block: Buckler           ||    25
